 Dungeon Crawl Stone Soup version 0.30.1-11-g7821555f0a (webtiles) character file.

Game seed: 3048517691510703318

4475 SacredBeard the Thaumaturge (level 10, -7/70 HPs)
             Began as a Demonspawn Necromancer on Nov 17, 2023.
             Mangled by a yak (11 damage)
             ... on level 8 of the Dungeon.
             The game lasted 00:32:05 (9649 turns).

SacredBeard the Thaumaturge (DsNe)                  Turns: 9649, Time: 00:32:05

Health: -7/70      AC: 19    Str:  9    XL:     10   Next: 15%
Magic:  23/33      EV: 12    Int: 22    God:
Gold:   487        SH:  0    Dex: 18    Spells: 21/30 levels left

rFire   . . .        B - staff of death
rCold   + + +        (no shield)
rNeg    + . .        M - +0 steam dragon scales
rPois   .            C - +1 helmet
rElec   .            o - +0 cloak
rCorr   .            A - +2 pair of gloves of Limitation {Drain *Slow rC+++ Int+6}
SInv    .            P - +0 pair of boots
Will    .....        (no amulet)
Stlth   ++           c - ring of magical power
HPRegen 0.31/turn    i - +4 ring of protection
MPRegen 0.23/turn

%: slow self (1%), clarity
@: mighty
A: molten scales 2, powered by pain 1, demonic touch 2, clarity, devolution 1
a: no special abilities


You were on level 8 of the Dungeon.
You visited 2 branches of the dungeon, and saw 10 of its levels.

You collected 487 gold pieces.

Inventory:

Hand Weapons
 n - a +0 long sword
 x - a +0 falchion
 D - a +0 whip of electrocution
 L - a +0 halberd of flaming
Missiles
 e - 45 stones
 r - 24 poisoned darts
 G - 6 boomerangs
Armour
 o - a +0 cloak (worn)
 A - the +2 pair of gloves of Limitation (worn) {Drain *Slow rC+++ Int+6}
   (You found it on level 4 of the Dungeon)

   Int:       It affects your intelligence (+6).
   rC:        It renders you almost immune to cold.
   Drain:     It drains your maximum health when unequipped.
   *Slow:     It may slow you when you take damage.
 C - a +1 helmet (worn)
 E - the +4 ring mail of Parts Unknown {+Blink}
   (You found it on level 4 of the Dungeon)

   +Blink:    It lets you blink.
 M - +0 steam dragon scales (worn)
 P - a +0 pair of boots (worn)
Magical Staves
 B - a staff of death (weapon)
Jewellery
 c - a ring of magical power (left hand)
 i - a +4 ring of protection (right hand)
 p - a ring of resist corrosion
 t - a ring of protection from cold
 w - a ring of willpower
 O - a ring of fire
Wands
 Q - a wand of flame (20)
 R - a wand of mindburst (21)
Scrolls
 d - 9 scrolls of identify {unknown}
 f - 2 scrolls of summoning {unknown}
 g - 3 scrolls of blinking {unknown}
 h - 2 scrolls of noise {unknown}
 k - 3 scrolls of teleportation {unknown}
 m - 5 scrolls of enchant armour {unknown}
 q - a scroll of brand weapon {unknown}
 s - 4 scrolls of magic mapping {unknown}
 y - 2 scrolls of amnesia {unknown}
 F - 2 scrolls of fog {unknown}
 J - a scroll of vulnerability {unknown}
 K - 2 scrolls of poison {unknown}
Potions
 a - 3 potions of lignification {unknown}
 b - a potion of magic
 j - 3 potions of mutation
 l - a potion of attraction {unknown}
 u - 3 potions of heal wounds
 v - 2 potions of brilliance {unknown}
 z - 2 potions of curing {unknown}
 I - 2 potions of haste {unknown}
 N - a potion of might {unknown}
Miscellaneous
 H - a phial of floods


   Skills:
 - Level 3.0 Fighting
 + Level 3.4 Throwing
 - Level 2.0 Armour
 - Level 2.0 Dodging
 - Level 3.0 Stealth
 * Level 10.8 Spellcasting
 - Level 4.3 Necromancy
 + Level 6.8 Evocations


You had 21 spell levels left.
You knew the following spells:

 Your Spells              Type           Power      Damage    Failure   Level
a - Necrotise             Necr           100%       1d9       1%          1
b - Animate Dead          Necr           46%        N/A       9%          4
c - Dispel Undead         Necr           46%        3d18      9%          4

Your spell library contained the following spells:

 Spells                   Type           Power      Damage    Failure   Level
 Vampiric Draining        Necr           46%        2d9       2%          3
 Cigotuvi's Dreadful Rot  Necr/Pois/Air  54%        N/A       4%          2
 Freeze                   Ice            44%        1d6       5%          1
 Blink                    Tloc           22%        N/A       9%          2
 Lesser Beckoning         Tloc           22%        N/A       9%          2
 Momentum Strike          Conj/Tloc      22%        3d8       9%          2
 Call Canine Familiar     Summ           11%        N/A       17%         3
 Frozen Ramparts          Ice            22%        1d4       17%         3
 Hailstorm                Conj/Ice       11%        3d5       17%         3
 Portal Projectile        Hex/Tloc       22%        N/A       17%         3
 Agony                    Necr           46%        N/A       26%         5
 Leda's Liquefaction      Hex/Erth       5%         N/A       50%         4
 Death Channel            Necr           23%        N/A       80%         6
 Eringya's Noxious Bog    Tmut/Pois      5%         N/A       100%        6
 Disjunction              Tloc           5%         N/A       100%        8


Dungeon Overview and Level Annotations

Branches:
Dungeon (9/15) Zot: 26728  Temple (1/1) D:4 Zot: 5657    Lair (0/5) D:8
    Orc: D:9-12

Altars:
Ashenzari
Cheibriados
Dithmenos
Fedhas
Gozag
Hepliaklqana
Kikubaaqudgha
Makhleb
Nemelex Xobeh
Okawaru
Qazlal
Ru
Sif Muna
Trog
Uskayaw
Vehumet
Wu Jian
Xom
Yredelemnul

Shops:
D:8 [

Annotations:
D:1 1 transporter


Innate Abilities, Weirdness & Mutations

You are mostly covered in molten scales. (AC +3)
You sometimes gain a little power by taking damage.
Your touch may inflict irresistible damage on your foes.
You possess an exceptional clarity of mind.
You have hidden genetic defects.


Message History

Aim: a yak (severely wounded, chance to affect: 83%)
You feel a surge of power!
The yak barely resists.
The yak gores you but does no damage. The yak closely misses you.
The yak gores you but does no damage.
Casting: Necrotise (safe; 1% risk of failure)
Confirm with . or Enter, or press ? or * to list all spells.
Aiming: Necrotise (safe; 1% risk of failure)
Press: ? - help, Shift-Dir - straight line, f/p - yak
Aim: a yak (severely wounded, chance to affect: 83%)
You feel a surge of power!
The yak writhes in agony.
The yak gores you but does no damage. The yak gores you!
You focus on the pain.
You feel very mighty all of a sudden. The yak gores you but does no damage.
Casting: Necrotise (safe; 1% risk of failure)
Confirm with . or Enter, or press ? or * to list all spells.
Aiming: Necrotise (safe; 1% risk of failure)
Press: ? - help, Shift-Dir - straight line, f/p - yak
Aim: a yak (almost dead, chance to affect: 83%)
You feel a surge of power!
The yak barely resists.
The yak gores you but does no damage. The yak gores you!
* * * LOW HITPOINT WARNING * * *
The yak gores you but does no damage.
Casting: Necrotise (safe; 1% risk of failure)
Confirm with . or Enter, or press ? or * to list all spells.
Aiming: Necrotise (safe; 1% risk of failure)
Press: ? - help, Shift-Dir - straight line, f/p - yak
Aim: a yak (severely wounded, chance to affect: 83%)
You feel a surge of power!
The yak barely resists.
The yak closely misses you. x3
Unknown command.
Casting: Necrotise (safe; 1% risk of failure)
Confirm with . or Enter, or press ? or * to list all spells.
Aiming: Necrotise (safe; 1% risk of failure)
Press: ? - help, Shift-Dir - straight line, f/p - yak
Aim: a yak (severely wounded, chance to affect: 83%)
You feel a surge of power!
The yak barely resists.
The yak gores you!
* * * LOW HITPOINT WARNING * * *
The yak gores you.
* * * LOW HITPOINT WARNING * * *
The yak gores you!
You die...

#######....##)####...
#....#........'......
#....#........#....).
#....#........#......
#....##.......#......
#....##.......##.....
#....##.......#######
#...Y#........'......
#...@Y........#......
#...Y#........#......
#....#........#......
#....##...##..###...#
#....##...##..####'##
#######...#.....#...#
#....#...<.#...#
#..>.#.....#...#
#....#....##...#


You could see 3 yaks.

Vanquished Creatures
  A boulder beetle (D:8)
  Pikel (D:4)
  Maggie (D:7)
  Sigmund (D:2)
  Eustachio (D:5)
  A wyvern (D:8)
  2 yaks
  A steam dragon (D:8)
  Menkaure (D:6)
  A sky beast (D:7)
  2 ice beasts (D:5)
  An ogre (D:5)
  A centaur (D:8)
  A lemure (D:3)
  A bullfrog (D:7)
  2 scorpions (D:5)
  3 wights (D:8)
  9 killer bees (D:8)
  3 howler monkeys (D:8)
  Crazy Yiuf (D:7)
  3 orc priests
  2 sleepcaps
  3 hounds (D:5)
  3 jellies
  3 iguanas
  Natasha (thrice) (D:2)
  An orc wizard (D:4)
  8 adders
  4 gnolls (D:8)
  A shadow imp (D:8)
  2 white imps
  2 ufetubi
  3 worms
  5 dart slugs
  13 orcs
  3 ball pythons
  3 bats
  20 endoplasms
  4 giant cockroaches
  7 goblins
  8 hobgoblins
  7 quokkas
  3 frilled lizards
  10 kobolds
  5 rats
161 creatures vanquished.

Vanquished Creatures (collateral kills)
  A centaur (D:8)
  A hound (D:5)
  A white imp (D:5)
  An orc (D:6)
  A goblin (D:3)
  A quokka (D:2)
  A frilled lizard (D:1)
  A rat (D:1)
8 creatures vanquished.

Grand Total: 169 creatures vanquished

Notes
Turn   | Place    | Note
-------+----------+-------------------------------------------
     0 | D:1      | SacredBeard the Demonspawn Necromancer began the quest for
                  | the Orb.
     0 | D:1      | Reached XP level 1. HP: 13/13 MP: 3/3
   332 | D:1      | Gained mutation: You are partially covered in molten
                  | scales. (AC +2) [demonic ancestry]
   332 | D:1      | Reached XP level 2. HP: 20/20 MP: 5/5
   728 | D:1      | Found a faded altar of an unknown god.
   853 | D:1      | Reached XP level 3. HP: 14/25 MP: 6/6
   959 | D:2      | Reached skill level 1 in Fighting
  1177 | D:2      | Reached skill level 1 in Armour
  1324 | D:2      | Noticed Sigmund
  1335 | D:2      | Killed Sigmund
  1336 | D:2      | Reached skill level 3 in Spellcasting
  1336 | D:2      | Reached XP level 4. HP: 24/33 MP: 7/9
  1336 | D:2      | Gained mutation: You sometimes gain a little power by
                  | taking damage. [demonic ancestry]
  1336 | D:2      | Reached XP level 5. HP: 28/38 MP: 7/10
  1478 | D:2      | Noticed Natasha
  1488 | D:2      | Killed Natasha
  1528 | D:2      | Noticed Natasha
  1534 | D:2      | Killed Natasha
  1535 | D:2      | Reached skill level 4 in Spellcasting
  1821 | D:2      | Noticed Natasha
  1835 | D:2      | Killed Natasha
  1836 | D:2      | Gained mutation: Your touch may inflict minor irresistible
                  | damage on your foes. [demonic ancestry]
  1836 | D:2      | Reached XP level 6. HP: 25/46 MP: 10/12
  3032 | D:4      | Identified the +2 pair of gloves of Limitation {Drain *Slow
                  | rC+++ Int+6}
  3300 | D:4      | Identified the +10 dagger "Laydol" {freeze, *Rage MP+9
                  | Str-3 Stlth+}
  3358 | D:4      | Reached skill level 5 in Spellcasting
  3431 | D:4      | Noticed Pikel
  3648 | D:4      | Killed Pikel
  3649 | D:4      | Reached skill level 7 in Spellcasting
  3649 | D:4      | Gained mutation: Your touch may inflict irresistible damage
                  | on your foes. [demonic ancestry]
  3649 | D:4      | Reached XP level 7. HP: 36/52 MP: 11/17
  3767 | D:4      | Identified the +4 ring mail of Parts Unknown {+Blink}
  4032 | D:4      | Found a staircase to the Ecumenical Temple.
  4427 | D:4      | Found an opulent altar of Gozag.
  4496 | Temple   | Entered the Ecumenical Temple
  4909 | D:5      | Entered Level 5 of the Dungeon
  5097 | D:5      | Reached skill level 1 in Evocations
  5097 | D:5      | Gained mutation: You are mostly covered in molten scales.
                  | (AC +3) [demonic ancestry]
  5097 | D:5      | Reached XP level 8. HP: 58/58 MP: 18/18
  5147 | D:5      | Reached skill level 1 in Throwing
  5408 | D:5      | Reached skill level 8 in Spellcasting
  5649 | D:5      | Found a hide-covered altar of Uskayaw.
  5667 | D:5      | Noticed Eustachio
  5739 | D:5      | Killed Eustachio
  6113 | D:6      | Got Humilium's Guidebook on Impure Locality
  6531 | D:6      | Noticed Menkaure
  6888 | D:6      | Killed Menkaure
  6889 | D:6      | Reached skill level 9 in Spellcasting
  6889 | D:6      | Reached XP level 9. HP: 51/63 MP: 22/22
  7615 | D:7      | Noticed Maggie
  7628 | D:7      | Killed Maggie
  8167 | D:7      | Found a runed translucent door.
  8168 | D:7      | Noticed Crazy Yiuf
  8176 | D:7      | Killed Crazy Yiuf
  8322 | D:8      | Reached skill level 5 in Evocations
  8392 | D:8      | Reached skill level 10 in Spellcasting
  8870 | D:7      | Learned a level 4 spell: Animate Dead
  8875 | D:7      | Learned a level 4 spell: Dispel Undead
  9174 | D:8      | Found Neell's Antique Armour Emporium.
  9186 | D:8      | Found a staircase to the Lair.
  9390 | D:9      | Noticed a boulder beetle
  9405 | D:8      | Reached XP level 10. HP: 42/70 MP: 21/24
  9410 | D:8      | Gained mutation: You have hidden genetic defects. [potion
                  | of mutation]
  9410 | D:8      | Gained mutation: You possess an exceptional clarity of
                  | mind. [potion of mutation]
  9413 | D:8      | Killed a boulder beetle
  9649 | D:8      | Mangled by a yak

Illustrated notes

Levels and vault maps discovered:
D:1:      spicycebolla_arrival_risky_transporter, layout_basic,
          shapermc_ecumenical_altar_mp_urbaneastern, serial_bayou_pond_b
D:2:      layout_basic, uniq_sigmund, uniq_natasha
D:3:      cheibrodos_fertilizer, layout_basic
D:4:      layout_basic, lemuel_tele_altar, minmay_temple_entry_fiery, uniq_pikel
D:5:      minmay_recursive_quarters, layout_loops_ring,
          nicolae_uskayaw_suspiria, ebering_dispersal_statue_hall,
          uniq_eustachio
D:6:      layout_loops_cross, uniq_menkaure
D:7:      layout_layer_cave, uniq_maggie, uniq_crazy_yiuf_cottage
D:8:      layout_gridville, lair_entry_dummy, serial_shops, shop
D:9:      minmay_cut_squares, layout_basic, serial_co_window_serial,
          co_window_corner_a, co_window_corner_a, co_window_corner_a,
          co_window_paths_a, co_window_cross_1, co_window_corner_a,
          co_window_corner_ca, co_window_2corner, co_window_broadway_a,
          co_window_corner_ca, co_window_unsneaky_path_d, glass_columns_b,
          glass_columns_b, glass_columns_b, glass_columns_a, uniq_erolcha,
          uniq_erica
Temple:   mainiacjoe_temple_cubbyholes

Skill      XL: |  1  2  3  4  5  6  7  8  9 |
---------------+----------------------------+-----
Stealth        | 2 3 |  3.0
Dodging        | 2 |  2.0
Fighting       | 2 3 |  3.0
Armour         | 1 2 |  2.0
Spellcasting   | 3 4 7 9 10 | 10.8
Evocations     | 1 3 6 |  6.8
Throwing       | 2 3 |  3.4
Necromancy     | |  4.3

Action                     |  1- 3 |  4- 6 |  7- 9 | 10-12 || total
---------------------------+-------+-------+-------+-------++-------
  Melee: Staff             |       |    10 |    27 |       ||    37
         Touch             |       |     3 |     9 |       ||    12
         Punch             |       |     1 |       |       ||     1
         Whip              |       |       |     3 |       ||     3
  Throw: Stone             |     2 |     2 |    18 |       ||    22
         Boomerang         |       |       |     5 |       ||     5
         Dart              |       |       |     1 |       ||     1
   Cast: Necrotise         |    66 |   139 |   326 |    18 ||   549
         Dispel Undead     |       |       |     3 |       ||     3
  Evoke: Wand              |       |       |       |     2 ||     2
    Use: Potion            |       |       |       |     2 ||     2
 Armour: Leather armour    |     7 |    29 |       |       ||    36
         Ring mail         |       |       |   127 |       ||   127
         Steam dragon scal |       |       |    33 |    21 ||    54
  Dodge: Dodged            |     2 |    44 |   180 |    17 ||   243
